 Dungeon Crawl Stone Soup version 0.30-a0-800-g7c544603b3 (webtiles) character file.

Game seed: 12151173580269663478

1644415 Twinkles the Slayer (level 27, 228/228 HPs)
             Began as a Djinni Enchanter on Feb 18, 2023.
             Was a High Priest of Ashenzari.
             Escaped with the Orb
             ... and 3 runes on Feb 23, 2023!
             The game lasted 09:47:12 (73760 turns).

Twinkles the Slayer (Djinni Enchanter)             Turns: 73760, Time: 09:47:12

Health: 228/228    AC: 35    Str: 10    XL:     27
Gold:   5948       EV: 18    Int: 30    God:    Ashenzari [*****.] SH: 19 Dex: 20

rFire   + + +      SeeInvis +    a - +8 rapier of Ashenzari's Asceticism {venom, Dex+5, Self, Melee} (curse)
rCold   . . .      Faith    .    Q - +5 kite shield {reflect}
rNeg    + + .      Spirit   .    u - +7 ice dragon scales of Supernal Gnosis {rF- rC++, Cun, Self} (curse)
rPois   ∞          Reflect  +    p - +2 helmet of the Tethered Sun {Melee, Self} (curse)
rElec   +          Harm     .    S - +2 cloak of the Esoteric Inaction {Self, Evo} (curse)
rCorr   +          Rampage  .    r - +2 pair of gloves of the Esoteric Sky {Str+3, Evo, Self} (curse)
Will    +++..      Clarity  +    (boots unavailable)
Stlth   ++                       t - amulet of the Eternal Black Moon {Regen+, Self, Evo} (curse)
HPRegen 1.38/turn                q - ring "Lashed Yoke" {rN+ Will+ rCorr, Self, Melee} (curse)
MPRegen 0.00/turn                g - ring of Idwa {Fly rElec rF+++ rC- rN+}

@: flying, studying 2 skills
A: sickness immunity, fire resistance 2, cold vulnerability 1, float, innate
caster, HP casting, extra vitality 1, subdued magic 1
0: Orb of Zot
}: 3/15 runes: serpentine, barnacled, slimy
a: Renounce Religion, Shatter the Chains


You escaped.
You worshipped Ashenzari.
Ashenzari was extremely pleased with you.
You visited 12 branches of the dungeon, and saw 55 of its levels.
You also visited: Sewer, Bailey, Ice Cave and Volcano.

You collected 8655 gold pieces.
You spent 2707 gold pieces at shops.

Inventory:

Hand Weapons
 a - the cursed +8 rapier of Ashenzari's Asceticism (weapon) {venom, Dex+5, Self, Melee}
   (You found it on level 7 of the Dungeon)

   Dex:       It affects your dexterity (+5).
   It has a curse which improves the following skills: Introspection: Fighting
   and Spellcasting.
   Melee Combat: Short Blades, Long Blades, Axes, Maces & Flails, Polearms,
   Staves and Unarmed Combat.
Missiles
 f - 6 curare-tipped darts
 W - 2 throwing nets
Armour
 p - the cursed +2 helmet of the Tethered Sun (worn) {Melee, Self}
   (You took it off Robin on level 3 of the Dungeon)

   It has a curse which improves the following skills: Melee Combat: Short
   Blades, Long Blades, Axes, Maces & Flails, Polearms, Staves and Unarmed
   Combat.
   Introspection: Fighting and Spellcasting.
 r - the cursed +2 pair of gloves of the Esoteric Sky (worn) {Str+3, Evo, Self}
   (You bought it in a shop on level 2 of the Orcish Mines)

   It has a curse which improves the following skills: Evocations: Evocations.
   Introspection: Fighting and Spellcasting.
 u - the cursed +7 ice dragon scales of Supernal Gnosis (worn) {rF- rC++, Cun, Self}
   (You found it in an ice cave)

   rF:        It makes you vulnerable to fire.
   rC:        It greatly protects you from cold.
   It has a curse which improves the following skills: Cunning: Dodging and
   Stealth.
   Introspection: Fighting and Spellcasting.
 Q - a +5 kite shield of reflection (worn)
 S - the cursed +2 cloak of the Esoteric Inaction (worn) {Self, Evo}
   (You took it off Maurice on level 9 of the Dungeon)

   It has a curse which improves the following skills: Introspection: Fighting
   and Spellcasting.
   Evocations: Evocations.
 Z - the +18 shield of the Gong {Loud rN+ Will+ rCorr EV-5}
   (You found it on level 3 of the Vaults)

   Loud:      It is deafeningly noisy when blocking attacks.
   EV:        It affects your evasion (-5).
   rN:        It protects you from negative energy.
   rCorr:     It protects you from acid and corrosion.
   Will:      It increases your willpower.
Jewellery
 b - the ring of the Hare {EV+10}
   (You took it off a deep elf annihilator on level 3 of the Elven Halls)

   [ring of evasion]

   EV:        It affects your evasion (+10).
 c - a +4 ring of slaying
 g - the ring of Idwa (right hand) {Fly rElec rF+++ rC- rN+}
   (You took it off a deep elf annihilator on level 3 of the Elven Halls)

   [ring of flight]

   rF:        It renders you almost immune to fire.
   rC:        It makes you vulnerable to cold.
   rElec:     It insulates you from electricity.
   rN:        It protects you from negative energy.
   Fly:       It grants you flight.
 n - a +6 ring of dexterity
 o - a +4 ring of protection
 q - the cursed ring "Lashed Yoke" (left hand) {rN+ Will+ rCorr, Self, Melee}
   (You took it off a deep elf death mage on level 3 of the Elven Halls)

   [ring of willpower]

   rN:        It protects you from negative energy.
   rCorr:     It protects you from acid and corrosion.
   Will:      It increases your willpower.
   It has a curse which improves the following skills: Introspection: Fighting
   and Spellcasting.
   Melee Combat: Short Blades, Long Blades, Axes, Maces & Flails, Polearms,
   Staves and Unarmed Combat.
 t - the cursed amulet of the Eternal Black Moon (around neck) {Regen+, Self, Evo}
   (You found it on level 4 of the Lair of Beasts)

   [amulet of regeneration]

   Regen:     It increases your rate of health regeneration.
   It has a curse which improves the following skills: Introspection: Fighting
   and Spellcasting.
   Evocations: Evocations.
 w - a ring of protection from fire
Wands
 d - a wand of digging (21)
 e - a wand of charming (45)
 h - a wand of quicksilver (10)
 i - a wand of iceblast (52)
 j - a wand of polymorph (3)
 y - a wand of mindburst (47)
Scrolls
 k - 12 scrolls of poison
 x - a scroll of butterflies
 D - 6 scrolls of blinking
 E - 10 scrolls of fear
 F - 9 scrolls of fog
 K - 5 scrolls of immolation
 O - 3 scrolls of silence
 V - 11 scrolls of vulnerability
 Y - 25 scrolls of teleportation
Potions
 A - 6 potions of attraction
 B - 8 potions of brilliance
 C - 8 potions of cancellation
 G - 4 potions of ambrosia
 H - 12 potions of haste
 I - 6 potions of invisibility
 J - 28 potions of curing
 M - 12 potions of might
 N - 15 potions of heal wounds
 P - 16 potions of lignification
 R - 6 potions of resistance
 T - 7 potions of berserk rage
 U - 2 potions of mutation
Miscellaneous
 l - a condenser vane
 m - a phantom mirror
 s - a tin of tremorstones (2/2)
 v - a lightning rod (4/4)
 L - a phial of floods


   Skills:
 - Level 21.1(27) Fighting
 - Level 6.7(11.2) Short Blades
 - Level 0.2(4.4) Long Blades
 - Level 20.0 Armour
 - Level 20.0(22.0) Dodging
 - Level 17.8(20.0) Stealth
 - Level 14.6 Shields
 - Level 21.1(27) Spellcasting
 + Level 14.4(18.8) Evocations


You knew the following spells:

 Your Spells              Type           Power      Damage    Failure   Level
a - Ensorcelled Hibernat  Hex/Ice        100%       N/A       0%          2
b - Confusing Touch       Hex            100%       N/A       0%          3
c - Summon Cactus Giant   Summ           51%        N/A       0%          6
d - Dazzling Flash        Conj/Hex       100%       N/A       0%          3
e - Summon Small Mammal   Summ           100%       N/A       0%          1
f - Infestation           Necr           51%        N/A       1%          8
g - Summon Forest         Summ/Tloc      51%        N/A       0%          5
h - Summon Horrible Thin  Summ           51%        N/A       1%          8
i - Ignite Poison         Fire/Tmut/Pois 100%       N/A       0%          3
j - Starburst             Conj/Fire      51%        6d14      0%          6
k - Dispersal             Tloc           51%        N/A       0%          6
l - Tukima's Dance        Hex            100%       N/A       0%          3
m - Shatter               Erth           51%        3d39*     4%          9
r - Searing Ray           Conj           100%       2d8       0%          2
s - Fire Storm            Conj/Fire      51%        8d13      4%          9
w - Flame Wave            Conj/Fire      100%       2d21      0%          4
y - Yara's Violent Unrav  Hex/Tmut       51%        3d20      0%          5
Your spell library was empty.

Dungeon Overview and Level Annotations

Branches:
Dungeon (15/15)            Temple (1/1) D:7            Lair (5/5) D:9
 Shoals (4/4) Lair:3        Snake (4/4) Lair:3        Slime (5/5) Lair:4
    Orc (2/2) D:9             Elf (3/3) Orc:2        Vaults (4/5) D:13
  Crypt (3/3) Vaults:2       Tomb (0/3) Crypt:3      Depths (4/4) D:15
    Zot (5/5) Depths:4      Sewer (visited)          Bailey (visited)
  IceCv (visited)         Volcano (visited)

Altars:
Ashenzari
Dithmenos
Elyvilon
Fedhas
Gozag
Makhleb
Okawaru
Qazlal
Ru
Trog
Wu Jian
Yredelemnul
Zin
The Shining One
Lugonu

Shops:
D:9 *   D:13 =   D:14 (   Orc:2 *:[[   Elf:2 (   Shoals:1 :   Snake:2 *
Snake:3 **:*   Vaults:1 =

Portals:
Hell: Depths:1 Depths:2 Depths:3 Depths:4
Abyss: Lair:5 Depths:2 Depths:3
Pandemonium: Depths:2
Ziggurat: Depths:3

Annotations:
Lair:1 1 exclusion
Lair:4 1 exclusion
Zot:1 exclusions: cactus giant and 2 downstairs
Zot:2 2 transporters, Wefy's ghost, legendary GnIE
Zot:3 exclusion: downstairs


Innate Abilities, Weirdness & Mutations

You are immune to sickness and miasma.
You are immune to poison.
Your flesh is very heat resistant. (rF++)
You are vulnerable to cold. (rC-)
You float through the air rather than walking.
You learn spells naturally, not from books.
Your magical power is your life essence.
You have superior vitality. (+4 MHP)
Your spells are a little easier to cast, but a little less powerful.


Message History

Press: ? - help, Shift-Dir - straight line A rock wall.
This square is covered in magical glow.
The rock shatters into small pieces.
There is a staircase leading out of the dungeon here.
Unknown command.
Really quaff the potion of mutation?
You feel extremely strange.
You feel weaker. x2; You feel less heat resistant.
Ashenzari prevents a mutation which would have shattered the cursed +2 helmet of the Tethered Sun {Melee, Self}.
You occasionally lose the ability to read scrolls when taking damage.
Iridescent scales grow over part of your body.
Unknown command.
Really quaff the potion of mutation?
You feel extremely strange.
Your skeletal structure returns to normal.
Your body's shape seems more normal.
You regain control of your magic.
Your connection to magic feels subdued.
You feel agile.
Unknown command.
Really quaff the potion of mutation?
You feel extremely strange.
Your iridescent scales disappear.
You no longer become unable to read scrolls after taking damage.
You feel yourself wasting away.
You feel strong-willed.
Unknown command.
Really quaff the potion of mutation?
You feel extremely strange.
You no longer feel strong-willed.
You feel clumsy.
Your magic regains its normal vibrancy.
You feel genetically stable.
Unknown command.
Really quaff the potion of mutation?
You feel extremely strange.
You feel genetically unstable.
You feel healthier.
Your connection to magic feels subdued.
Unknown command.
Unknown command.
Okay, then.
Unknown command.
HP restored.
You have escaped!

#######........'.........###...#
#.################.##....#
#.#......'.......#.##....#
#.#.############.#.##.####
#.#.#....'.....#.#.##.#
#.#.#.##.#####.#.#.##.#
#.#.#.#..'...#.#.#.##.#
#.#.#...#.##.#.#.#.##.#
#'#'#'#'##@#.#.#.#.##.#####
#.#...#>##'.'#'#'#'#....... ####
#.#.#.###..#.#.#...##.##### ...#
#...#...'..#...#.#.##.# ##.#
#.#.########.#.#.#.##.#
#.####.#.....'....#...#.##.##
#....#.############.#.#.##..#
#..###.......'......#.#.###.#
#....################...###.#


There were no monsters in sight!

Vanquished Creatures
  the Royal Jelly (Slime:5)
  Dissolution (Slime:4)
  3 dread liches (Zot:5)
  3 orbs of fire (Zot:5)
  5 ancient liches (Zot:5)
  2 juggernauts
  Sojobo (Crypt:3)
  3 Killer Klowns (Zot:5)
  Boris (Depths:4)
  Frederick (Depths:3)
  2 caustic shrikes
  Xtahua (Depths:4)
  5 golden dragons
  the Enchantress (Depths:3)
  3 electric golems
  17 tentacled monstrosities
  2 doom hounds (Crypt:3)
  A Brimstone Fiend (D:1)
  Jorgrun (Elf:1)
  3 liches
  25 Orb Guardians
  2 quicksilver dragons
  A walking frostbound tome (Depths:4)
  A kraken (Shoals:4)
  2 ancient champions
  A deep elf blademaster (Elf:3)
  11 acid blobs
  An Executioner (Zot:3)
  2 death cobs
  5 sphinxes
  Roxanne (Shoals:2)
  2 shadow dragons
  3 draconian monks
  A tengu reaver (D:14)
  8 storm dragons
  Donald (Shoals:3)
  A revenant (Crypt:3)
  8 nagarajas
  7 fire giants
  5 frost giants
  4 draconian knights
  4 rockslimes
  2 azure jellies (Slime:5)
  2 vault wardens
  2 draconian shifters
  An orc warlord (Vaults:1)
  A draconian scorcher (Zot:1)
  Louise (Depths:2)
  A balrug (Depths:3)
  Aizul (Shoals:3)
  A deep elf elementalist (Elf:3)
  A curse skull (Crypt:3)
  2 draconian stormcallers
  3 ghost moths
  11 very ugly things
  3 draconian annihilators
  5 ironbound preservers
  The ghost of joebusybody the Spear-Bearer, a journeyman DsGl of Qazlal (Elf:2)
  The ghost of Onucvo the Cleaver, a journeyman FoFi of Okawaru (D:14)
  4 stone giants
  3 reapers
  An ironbound thunderhulk (Vaults:2)
  A vampire knight (Crypt:3)
  7 black draconians
  5 green draconians
  A deep elf demonologist (Elf:3)
  3 yellow draconians
  12 quicksilver oozes
  10 white draconians
  5 dire elephants
  3 minotaurs (Shoals:4)
  9 purple draconians
  2 deep elf annihilators
  2 eidola
  9 red draconians
  10 spark wasps
  5 deep elf death magi
  Snorg (D:12)
  6 ettins
  4 merfolk impalers
  4 merfolk javelineers
  2 yaktaur captains (Vaults:4)
  2 jiangshi
  6 fire dragons
  A rakshasa (Depths:2)
  3 great orbs of eyes
  3 ironbound frosthearts
  4 ice dragons
  7 vault guards
  4 hydras
  3 salamander tyrants (Snake:4)
  2 spriggan air magi
  2 ogre magi (Orc:2)
  2 death knights
  2 spriggan skeletons
  An alligator snapping turtle (Shoals:4)
  A quicksilver dragon skeleton (Crypt:3)
  9 centaur warriors
  Fannar (D:12)
  A merfolk aquamancer (Shoals:2)
  15 two-headed ogres
  6 anacondas
  A two-headed ogre (shapeshifter) (Depths:2)
  9 dancing weapons
  6 boulder beetles
  11 satyrs
  4 merfolk avatars
  3 deep troll earth magi (Depths:2)
  2 vampire magi
  11 naga warriors
  9 death yaks
  A bennu skeleton (Crypt:3)
  4 deep troll shamans (Depths:2)
  6 tengu warriors
  A spriggan berserker (Depths:1)
  2 hell hogs
  8 shock serpents
  7 naga sharpshooters
  2 sun demons
  A shock serpent (shapeshifter) (Vaults:2)
  A soul eater (Crypt:2)
  7 deep elf knights
  A titan skeleton (Crypt:3)
  5 salamander mystics
  11 skeletal warriors
  5 shadow wraiths (Crypt:3)
  6 flayed ghosts
  14 sea snakes
  A tengu zombie (Vaults:2)
  4 iron trolls (Depths:2)
  18 deep trolls
  2 glowing orange brains
  4 skysharks
  4 orc knights
  3 deep elf archers
  2 wizards
  5 ironbound convokers
  2 necromancers
  7 mana vipers
  3 naga ritualists
  7 phantasmal warriors (Crypt:3)
  18 ugly things
  Pikel (D:4)
  2 tengu skeletons (Vaults:2)
  An iron dragon zombie (Crypt:3)
  4 lindwurms
  A sphinx skeleton (Depths:2)
  31 harpies
  8 deep elf pyromancers
  4 cyclopes
  3 shining eyes
  17 fauns
  5 deep elf zephyrmancers
  3 orc sorcerers
  16 salamanders
  A shining eye (shapeshifter) (Depths:4)
  A spectral centaur (Crypt:3)
  12 manticores
  32 elephants
  Joseph (D:10)
  6 water nymphs
  An eye of devastation (Slime:5)
  2 guardian serpents
  28 moths of wrath
  13 black mambas
  An ice statue (IceCv)
  2 smoke demons
  12 naga magi
  11 merfolk sirens
  3 vault sentinels
  The ghost of themarg the Firebug, a novice DsFE of Vehumet (D:5)
  2 gargoyles
  10 cane toads
  A green draconian zombie (Crypt:2)
  4 rime drakes
  An unseen horror (D:13)
  Maggie (D:7)
  2 komodo dragons
  A kobold demonologist (D:9)
  5 freezing wraiths
  An unseen horror (shapeshifter) (Lair:5)
  3 efreet
  An elf skeleton (Vaults:3)
  2 tengu conjurers
  8 yaktaurs
  A merfolk (shapeshifter) (Depths:2)
  An ancient zyme (Lair:5)
  22 merfolk
  12 polar bears
  5 trolls
  2 meliai (D:14)
  6 wind drakes
  A sphinx simulacrum (Depths:2)
  2 wolf spider simulacra
  8 blink frogs
  A blink frog (shapeshifter) (Lair:5)
  A dream sheep (Lair:2)
  48 slime creatures
  A stone giant simulacrum (Depths:2)
  13 water elementals
  14 snapping turtles
  8 flying skulls (Crypt:3)
  5 shadows
  3 spriggans
  6 wraiths
  2 yaks (shapeshifter)
  57 yaks
  A vampire (D:14)
  19 fire bats
  3 air elementals
  8 golden eyes
  A neqoxec (Zot:3)
  3 wyverns
  A fire elemental (Elf:3)
  5 basilisks
  7 steam dragons
  5 vampire mosquitoes
  A swamp worm (shapeshifter) (D:14)
  2 acid dragons
  20 nagas
  A deep troll zombie (Crypt:3)
  A glowing shapeshifter skeleton (Vaults:2)
  A hell hound (Volcano)
  8 water moccasins
  Duvessa (D:6)
  A floating eye (Slime:5)
  A sky beast (D:7)
  13 orc warriors
  2 black bears
  15 ogres
  10 boggarts
  2 lemures (D:4)
  28 wolves
  5 centaurs
  3 human skeletons
  A dream sheep skeleton (Crypt:3)
  2 phantoms (D:5)
  4 small abominations (Lair:5)
  4 kobold brigands
  16 bullfrogs
  2 earth elementals
  5 gnoll sergeants
  2 necrophages
  A scorpion (shapeshifter) (D:15)
  A scorpion (D:6)
  Dowan (D:6)
  7 killer bees
  An electric eel (Lair:3)
  6 howler monkeys
  8 lava snakes (Volcano)
  A jelly (D:5)
  10 orc priests
  5 hounds
  2 human zombies
  2 gnoll boudas
  A basilisk skeleton (Crypt:3)
  3 iguanas
  9 orc wizards
  2 nameless horrors
  Robin (D:3)
  A mummy (Crypt:1)
  23 gnolls
  12 adders
  5 river rats
  7 white imps
  2 ufetubi (D:6)
  A worm (D:4)
  3 dart slugs
  49 orcs
  56 bats
  11 endoplasms
  3 giant cockroaches
  14 goblins
  5 hobgoblins
  7 jackals
  A quokka (D:1)
  9 ball pythons
  8 frilled lizards
  A hobgoblin skeleton (Crypt:2)
  17 kobolds
  6 rats
  A rat skeleton (Crypt:2)
  5 fire vortices (Zot:5)
  2 plants (Shoals:4)
  A snaplasher vine (Depths:3)
  2 tentacles
1595 creatures vanquished.

Vanquished Creatures (collateral kills)
  A dread lich (Crypt:3)
  2 orbs of fire
  2 ancient liches
  Boris (Depths:3)
  A Killer Klown (Zot:4)
  Bai Suzhen (Crypt:3)
  2 caustic shrikes (Depths:4)
  Jory (Vaults:2)
  A golden dragon (Zot:5)
  An electric golem (Zot:1)
  4 tentacled monstrosities
  A spectral shard shrike (Crypt:3)
  Grunn (Crypt:3)
  2 Orb Guardians (Zot:5)
  A quicksilver dragon (Zot:2)
  A kraken (Shoals:3)
  2 liches
  2 deep elf master archers (Elf:3)
  3 acid blobs (Slime:5)
  A deep elf blademaster (Elf:3)
  5 ancient champions
  5 sphinxes
  Ilsuiw (Shoals:3)
  5 shadow dragons
  A storm dragon (Depths:4)
  2 tengu reavers (Crypt:3)
  2 revenants
  5 nagarajas (Snake:4)
  4 rockslimes
  2 azure jellies
  A draconian monk (Zot:2)
  2 fire giants (Depths:3)
  5 deep elf sorcerers
  A frost giant (shapeshifter) (Depths:4)
  3 frost giants
  6 vault wardens
  5 ironbound preservers
  3 ghouls
  3 spriggan defenders (Depths:3)
  4 quicksilver oozes
  A deep elf elementalist (Elf:3)
  A draconian shifter (Depths:4)
  7 vampire knights
  5 stone giants
  17 very ugly things
  2 ironbound thunderhulks
  5 deep elf demonologists (Elf:3)
  2 black draconians (Depths:4)
  A white draconian (Zot:2)
  3 green draconians
  9 dire elephants
  8 deep elf annihilators (Elf:3)
  A spark wasp (Depths:3)
  4 yellow draconians
  A purple draconian (Zot:2)
  3 red draconians
  7 deep elf death magi
  A merfolk javelineer (Depths:4)
  4 yaktaur captains
  A merfolk impaler (Shoals:4)
  2 entropy weavers
  7 eidola
  6 jiangshi
  9 ettins
  5 great orbs of eyes
  5 fire dragons
  3 deep elf high priests (Elf:3)
  4 ogre magi
  3 rakshasas
  7 vault guards
  2 salamander tyrants
  2 spriggan air magi
  2 hydras
  3 ice dragons
  5 centaur warriors
  4 anacondas
  2 ironbound frosthearts (Vaults:1)
  4 two-headed ogres
  A two-headed ogre (shapeshifter) (Depths:2)
  30 dancing weapons
  3 death knights
  7 deep troll earth magi
  3 boulder beetles
  2 deep troll shamans (Depths:4)
  4 spriggan berserkers (Depths:1)
  4 death yaks (Lair:5)
  7 naga warriors
  2 tengu warriors
  A hell hog (Depths:4)
  2 thrashing horrors (Lair:5)
  A titan zombie (Vaults:3)
  A vampire mage (Crypt:1)
  7 naga sharpshooters
  9 deep elf knights
  2 shock serpents
  6 iron trolls
  A salamander mystic (Snake:4)
  7 shadow wraiths (Crypt:3)
  24 skeletal warriors
  7 sun demons
  3 soul eaters
  An iron giant zombie (Crypt:3)
  A bunyip zombie (Crypt:3)
  2 sea snakes (Snake:3)
  3 naga ritualists (Snake:4)
  20 deep trolls
  5 flayed ghosts
  A spark wasp zombie (Depths:2)
  4 glowing orange brains
  20 phantasmal warriors
  A bog body (Crypt:1)
  An orb spider (shapeshifter) (Lair:5)
  9 deep elf archers
  An obsidian statue (Volcano)
  2 tengu zombies
  12 ironbound convokers
  4 lindwurms
  A harpy (shapeshifter) (Lair:5)
  3 necromancers
  4 wizards
  2 mana vipers
  3 orc knights
  2 harpies (Vaults:1)
  23 deep elf pyromancers
  24 deep elf zephyrmancers
  An orc sorcerer (Orc:2)
  A manticore (D:14)
  A sphinx skeleton (Vaults:4)
  11 salamanders
  30 ugly things
  3 stone giant skeletons
  2 moths of wrath
  A shining eye (Slime:5)
  A spectral centaur (Crypt:3)
  2 cyclopes (D:14)
  A centaur zombie (D:15)
  Maurice (D:9)
  A fire giant skeleton (Crypt:1)
  13 black mambas
  A merfolk siren (Shoals:3)
  4 elephants
  4 guardian serpents
  14 vault sentinels
  2 eyes of devastation
  9 naga magi
  A cane toad (Lair:2)
  A gargoyle (D:14)
  2 centaur skeletons (D:15)
  34 yaktaurs
  7 freezing wraiths
  2 tengu conjurers (D:14)
  3 yaktaur skeletons
  2 guardian mummies (Crypt:1)
  A death yak skeleton (Crypt:2)
  2 spectral harpies (Crypt:3)
  A harpy zombie (Crypt:3)
  A troll (D:14)
  3 merfolk
  5 hornets (Depths:1)
  A shadow dragon simulacrum (Vaults:4)
  A snapping turtle (Shoals:2)
  10 blink frogs
  A flying skull (Crypt:3)
  A great orb of eyes zombie (Crypt:2)
  A tengu simulacrum (Vaults:4)
  20 slime creatures
  4 spriggans
  A spriggan (shapeshifter) (Elf:1)
  A centaur simulacrum (D:15)
  3 large abominations
  4 shadows (Crypt:3)
  A culicivora (Vaults:2)
  7 water elementals
  9 wraiths
  25 yaks
  4 basilisks (Lair:5)
  An elf skeleton (Vaults:2)
  A golden eye (shapeshifter) (D:13)
  A chaos spawn (Lair:5)
  A fire elemental (Elf:1)
  3 redbacks
  6 fire bats
  2 golden eyes (Slime:2)
  5 vampire mosquitoes
  20 nagas
  A warg (Orc:2)
  2 glowing shapeshifter skeletons (Vaults:2)
  A water moccasin (Lair:5)
  A fire bat skeleton (Crypt:3)
  A hell hound (Depths:4)
  A floating eye (Slime:5)
  A demonspawn skeleton (Crypt:1)
  6 orc warriors
  2 boggarts (Vaults:1)
  19 ogres
  3 centaurs
  3 human skeletons
  5 wolves
  A torpor snail zombie (Crypt:3)
  A rime drake skeleton (Crypt:1)
  A bullfrog (Lair:3)
  A glowing shapeshifter simulacrum (Vaults:4)
  A necrophage (Crypt:1)
  A warg skeleton (Crypt:2)
  A basilisk zombie (Crypt:3)
  2 human zombies (Crypt:1)
  2 orc priests
  A basilisk skeleton (Crypt:3)
  A scorpion zombie (Crypt:1)
  10 orc wizards
  7 small abominations (Lair:5)
  2 mummies (Crypt:1)
  8 white imps (Lair:4)
  An adder skeleton (Crypt:1)
  23 orcs
  19 bats (D:14)
  A goblin (D:7)
  A jackal skeleton (Crypt:1)
  A quokka zombie (Crypt:2)
971 creatures vanquished.

Vanquished Creatures (others)
  Vv (Crypt:1)
  A salamander tyrant (Snake:4)
  A black mamba (Snake:4)
  3 dancing weapons
  A kobold (D:8)
  247 fire vortices
  100 fungi
  221 plants
  21 snaplasher vines
  6 tentacles
602 creatures vanquished.

Grand Total: 3168 creatures vanquished

Notes
Turn   | Place    | Note
-------+----------+-------------------------------------------
     0 | D:1      | Twinkles the Djinni Enchanter began the quest for the Orb.
     0 | D:1      | Twinkles set off with the following spells memorised:
                  | Ensorcelled Hibernation, Confusing Touch, Tukima's Dance,
                  | Dazzling Flash.
     0 | D:1      | Reached XP level 1. HP: 15/15 MP: 0/0
   387 | D:1      | Reached XP level 2. HP: 22/22 MP: 0/0
   712 | D:1      | Reached skill level 1 in Fighting
   868 | D:1      | Reached XP level 3. HP: 27/27 MP: 0/0
   868 | D:1      | Learned a level 1 spell: Summon Small Mammal
  1071 | D:2      | Identified the +5 ring mail of the Carpenter {Harm Rampage
                  | rElec Dex-2}
  1504 | D:3      | Reached XP level 4. HP: 32/32 MP: 0/0
  1899 | D:3      | Reached XP level 5. HP: 39/39 MP: 0/0
  1899 | D:3      | Learned a level 2 spell: Searing Ray
  1970 | D:3      | Noticed Robin
  2020 | D:3      | Killed Robin
  2628 | D:4      | Found a stormy altar of Qazlal.
  2803 | D:4      | Reached XP level 6. HP: 41/45 MP: 0/0
  3001 | D:4      | Noticed Pikel
  3025 | D:4      | Killed Pikel
  3026 | D:4      | Reached skill level 5 in Dodging
  3026 | D:4      | Reached XP level 7. HP: 34/51 MP: 0/0
  3026 | D:4      | Learned a level 3 spell: Ignite Poison
  3310 | D:5      | Entered Level 5 of the Dungeon
  3343 | D:5      | Reached XP level 8. HP: 54/58 MP: 0/0
  3358 | D:5      | Found a runed translucent door.
  3383 | D:5      | Reached skill level 5 in Spellcasting
  3700 | D:5      | Reached skill level 5 in Fighting
  3776 | D:5      | Noticed themarg's ghost (novice DsFE)
  3849 | D:5      | Reached XP level 9. HP: 61/65 MP: 0/0
  3849 | D:5      | Learned a level 4 spell: Flame Wave
  4138 | D:5      | Found a runed translucent door.
  4632 | D:6      | Found a glowing drain.
  4637 | Sewer    | Entered a sewer
  5393 | D:6      | Noticed Dowan
  5394 | D:6      | Identified the +3 dagger of the Stained God {freeze, rC-
                  | rCorr Dex+8}
  5394 | D:6      | Noticed Duvessa
  5415 | D:6      | Killed Duvessa
  5420 | D:6      | Killed Dowan
  5565 | D:6      | Identified the +0 leather armour "Caro Hiq" {rN++ Str+2
                  | Dex+3}
  6126 | D:7      | Found a staircase to the Ecumenical Temple.
  6138 | Temple   | Entered the Ecumenical Temple
  6159 | Temple   | Became a worshipper of Ashenzari the Shackled
  6193 | D:7      | Found a flagged portal.
  6240 | Bailey   | Entered a bailey
  6254 | Bailey   | Reached XP level 10. HP: 66/73 MP: 0/0
  6448 | Bailey   | HP: 13/73 [orc warrior/+0 halberd (27)]
  6778 | Bailey   | Noticed an orc knight
  6789 | Bailey   | Killed an orc knight
  6811 | Bailey   | HP: 20/75 [orc warrior/+0 halberd (4)]
  6918 | Bailey   | Noticed an orc knight
  7014 | Bailey   | Killed an orc knight
  7370 | D:7      | Identified the +8 rapier "Resedeh" {venom, Dex+5}
  7456 | D:7      | Reached skill level 1 in Short Blades
  7553 | D:7      | Noticed Maggie
  7559 | D:7      | Killed Maggie
  7895 | D:7      | Found a burning altar of Makhleb.
  7903 | D:7      | Found an iron altar of Okawaru.
  7928 | D:7      | Reached XP level 11. HP: 69/80 MP: 0/0
  7928 | D:7      | Learned a level 5 spell: Summon Forest
  7975 | D:7      | Found a white marble altar of Elyvilon.
  7975 | D:7      | Found a sacrificial altar of Ru.
  7975 | D:7      | Found a glowing silver altar of Zin.
  7975 | D:7      | Found an ornate altar of the Wu Jian Council.
  7975 | D:7      | Found a basalt altar of Yredelemnul.
  7977 | D:7      | Found a blossoming altar of Fedhas.
  7980 | D:7      | Found a bloodstained altar of Trog.
  8503 | D:8      | Noticed a two-headed ogre
  8512 | D:8      | Killed a two-headed ogre
  9042 | D:9      | Found Kypaig's Assorted Antiques.
  9045 | D:9      | Bought a scroll of identify for 62 gold pieces
  9108 | D:9      | Found a staircase to the Lair.
  9132 | D:9      | Noticed a two-headed ogre
  9144 | D:9      | Killed a two-headed ogre
  9307 | D:9      | Noticed a two-headed ogre
  9313 | D:9      | Killed a two-headed ogre
  9566 | D:9      | Found a staircase to the Orcish Mines.
  9692 | D:9      | Noticed Maurice
  9703 | D:9      | Killed Maurice
  9819 | D:9      | Reached * piety under Ashenzari
  9903 | D:10     | Entered Level 10 of the Dungeon
 10025 | D:10     | Reached skill level 1 in Armour
 10030 | D:10     | Reached XP level 12. HP: 77/91 MP: 0/0
 10365 | D:10     | Noticed Joseph
 10368 | D:10     | Killed Joseph
 10607 | D:11     | Reached skill level 10 in Spellcasting
 10607 | D:11     | Noticed an eight-headed hydra
 10615 | D:11     | Noticed a centaur warrior
 10616 | D:11     | Killed an eight-headed hydra
 10617 | D:11     | Reached skill level 5 in Short Blades
 10626 | D:11     | HP: 26/91 [centaur warrior/arrow (12)]
 10850 | Lair:1   | Entered Level 1 of the Lair of Beasts
 11054 | Lair:1   | Found a dark tunnel.
 11063 | Volcano  | Entered a volcano
 11252 | Volcano  | Reached skill level 1 in Shields
 11442 | Volcano  | Noticed a fire dragon
 11465 | Volcano  | Killed a fire dragon
 11580 | Volcano  | Noticed a hell hog
 11589 | Volcano  | Killed a hell hog
 11705 | Volcano  | Reached skill level 10 in Fighting
 11814 | Lair:1   | Reached ** piety under Ashenzari
 12531 | Lair:2   | Reached XP level 13. HP: 86/101 MP: 0/0
 12531 | Lair:2   | Learned a level 5 spell: Yara's Violent Unravelling
 12752 | Lair:2   | Reached *** piety under Ashenzari
 12934 | Lair:2   | Noticed a five-headed hydra
 13081 | Lair:2   | Reached skill level 5 in Shields
 14154 | Lair:2   | Killed a five-headed hydra
 14322 | Lair:3   | Reached XP level 14. HP: 106/112 MP: 0/0
 14811 | Lair:3   | Found a staircase to the Shoals.
 15066 | Lair:3   | Found a staircase to the Snake Pit.
 15413 | Lair:4   | Found a frozen archway.
 15441 | IceCv    | Entered an ice cave
 16935 | IceCv    | Identified the amulet of Usurhur {Faith Int+7}
 17225 | Lair:4   | Reached XP level 15. HP: 109/122 MP: 0/0
 17225 | Lair:4   | Learned a level 6 spell: Summon Cactus Giant
 17323 | Lair:4   | Reached **** piety under Ashenzari
 17511 | Lair:4   | Found a staircase to the Slime Pits.
 18023 | Lair:5   | Entered Level 5 of the Lair of Beasts
 18735 | Lair:5   | Reached skill level 15 in Fighting
 18901 | Lair:5   | Found a corrupted altar of Lugonu.
 18946 | Lair:5   | Found a one-way gate to the infinite horrors of the Abyss.
 19514 | D:11     | Reached skill level 10 in Dodging
 19515 | D:11     | Reached XP level 16. HP: 115/139 MP: 0/0
 19526 | D:11     | Reached skill level 1 in Evocations
 20354 | D:12     | Reached ***** piety under Ashenzari
 20775 | D:12     | Noticed Snorg
 20784 | D:12     | Killed Snorg
 20837 | D:12     | Noticed Fannar
 20847 | D:12     | Killed Fannar
 21200 | D:13     | Found a gate to the Vaults.
 21336 | D:13     | Found Betaka's Jewellery Shoppe.
 21704 | D:14     | Found a runed translucent door.
 21738 | D:14     | Found an opulent altar of Gozag.
 21748 | D:14     | Found a bloodstained altar of Trog.
 21757 | D:14     | Found a burning altar of Makhleb.
 21772 | D:14     | Found a shadowy altar of Dithmenos.
 21910 | D:14     | Found a glowing silver altar of Zin.
 21951 | D:14     | Found a broken altar of Ashenzari.
 22030 | D:14     | Found Guruam's Weapon Shop.
 22039 | D:14     | Found a runed translucent gate.
 22039 | D:14     | Found a runed translucent gate.
 22039 | D:14     | Found a runed translucent gate.
 22041 | D:14     | Noticed Onucvo's ghost (journeyman FoFi)
 22042 | D:14     | Identified the +9 broad axe of Ru's Displeasure {heavy,
                  | rC+}
 22142 | D:14     | HP: 42/145 [gargoyle/+0 mace (10)]
 22475 | D:14     | Identified Cedwif's Papyrus of Algid Ignition
 22475 | D:14     | Noticed a tengu reaver
 22476 | D:14     | Noticed a frost giant
 22565 | D:14     | Noticed a fire giant
 22565 | D:14     | Noticed a frost giant
 22579 | D:14     | HP: 30/145 [frost giant/+1 battleaxe of freezing (18)]
 22582 | D:14     | Killed a frost giant
 22870 | D:14     | Killed a fire giant
 22953 | D:14     | Noticed a sphinx
 22974 | D:14     | Reached XP level 17. HP: 146/151 MP: 0/0
 22974 | D:14     | Learned a level 6 spell: Starburst
 22982 | D:14     | Killed a sphinx
 23124 | D:14     | Killed a tengu reaver
 23913 | D:15     | Entered Level 15 of the Dungeon
 24471 | Orc:1    | Entered Level 1 of the Orcish Mines
 24608 | Orc:2    | Entered Level 2 of the Orcish Mines
 24621 | Orc:2    | Found a staircase to the Elven Halls.
 24851 | Orc:2    | Found Muly's General Store.
 24851 | Orc:2    | Found Secveakk's Armour Boutique.
 24868 | Orc:2    | Reached skill level 15 in Spellcasting
 24977 | Orc:2    | Found Kohuefiguph's Book Boutique.
 24977 | Orc:2    | Found Beuwk's Armour Emporium.
 24991 | Orc:2    | Bought a +2 pair of gloves of strength for 322 gold pieces
 25666 | Shoals:1 | Entered Level 1 of the Shoals
 25685 | Shoals:1 | Upgraded the game from 0.30-a0-782-ge64f9170bb to
                  | 0.30-a0-793-g160f7cfddd
 26297 | Shoals:1 | Found the necklace of Bloodlust {Fury *Rage Will++ Int-3
                  | Slay+6}
 26310 | Shoals:1 | Reached XP level 18. HP: 159/163 MP: 0/0
 26429 | Shoals:1 | Found Urchol's Self-Improvement Boutique.
 27213 | Shoals:2 | Noticed Roxanne
 27679 | Shoals:3 | Noticed a kraken
 27691 | Shoals:3 | Killed a kraken
 28324 | Shoals:3 | Noticed Ilsuiw
 28330 | Shoals:3 | HP: 41/165 [Ilsuiw/shard of ice (36)]
 28331 | Shoals:3 | HP: 15/165 [Ilsuiw/shard of ice (40)]
 28339 | Shoals:3 | Killed Ilsuiw
 28345 | Shoals:3 | HP: 35/165 [merfolk/boomerang of dispersal[Ilsuiw] (19)]
 28550 | Shoals:3 | Noticed Donald
 28585 | Shoals:3 | Noticed Aizul
 28618 | Shoals:3 | Killed Aizul
 28881 | Shoals:3 | Killed Donald
 29053 | Shoals:4 | Entered Level 4 of the Shoals
 29151 | Shoals:4 | HP: 44/165 [satyr/arrow (20)]
 29381 | Shoals:4 | Reached skill level 15 in Dodging
 29478 | Shoals:4 | HP: 37/165 [merfolk/+2 spear of venom[a merfolk impaler]
                  | (21)]
 29577 | Shoals:4 | Reached XP level 19. HP: 141/171 MP: 0/0
 29577 | Shoals:4 | Learned a level 6 spell: Dispersal
 29676 | Shoals:4 | Identified the Treatise on Invitation and the Figure
 30280 | Shoals:4 | Got a barnacled rune of Zot
 31018 | Snake:1  | Entered Level 1 of the Snake Pit
 31820 | Snake:2  | Found Xoytu's Mass Market.
 32295 | Snake:3  | Reached XP level 20. HP: 175/181 MP: 0/0
 32562 | Snake:3  | Found Xures's Book Shoppe.
 32564 | Snake:3  | Found Nysesos's General Store.
 32564 | Snake:3  | Found Cockam's Assorted Antiques.
 32569 | Snake:3  | Found Boir's General Store.
 32575 | Snake:3  | Bought a scroll of acquirement for 624 gold pieces
 33083 | Snake:4  | Entered Level 4 of the Snake Pit
 33084 | Snake:4  | Upgraded the game from 0.30-a0-793-g160f7cfddd to
                  | 0.30-a0-799-g109b55a442
 33500 | Snake:4  | Identified the +3 plate armour of Fedhas's Favour {+Inv
                  | Regen+ Str-2}
 34008 | Snake:4  | Identified the +7 arbalest "Arbiter" {freeze, Stlth+}
 34369 | Snake:4  | Reached XP level 21. HP: 187/187 MP: 0/0
 34369 | Snake:4  | Learned a level 8 spell: Infestation
 34408 | Snake:4  | Got a serpentine rune of Zot
 34834 | Vaults:1 | Entered Level 1 of the Vaults
 35269 | Vaults:1 | Found Siwooz's Jewellery Emporium.
 35620 | Vaults:1 | Reached skill level 5 in Evocations
 37412 | Vaults:2 | Reached skill level 5 in Stealth
 37464 | Vaults:2 | Reached XP level 22. HP: 188/191 MP: 0/0
 37675 | Vaults:2 | Noticed Jory
 37689 | Vaults:2 | Killed Jory
 37839 | Vaults:2 | Reached skill level 5 in Armour
 37877 | Vaults:2 | Found a staircase to the Crypt.
 39027 | Vaults:3 | Found the +18 shield of the Gong {Loud rN+ Will+ rCorr
                  | EV-5}
 40651 | Vaults:4 | Reached skill level 10 in Armour
 40834 | Vaults:4 | Upgraded the game from 0.30-a0-799-g109b55a442 to
                  | 0.30-a0-800-g7c544603b3
 41169 | D:13     | Bought a ring of willpower for 375 gold pieces
 41278 | D:15     | Reached XP level 23. HP: 153/192 MP: 0/0
 41278 | D:15     | Learned a level 8 spell: Summon Horrible Things
 41282 | D:15     | Found a staircase to the Depths.
 41698 | Elf:1    | Entered Level 1 of the Elven Halls
 41734 | Elf:1    | Noticed Jorgrun
 41745 | Elf:1    | Killed Jorgrun
 41866 | Elf:1    | Identified the +2 pair of boots "Mimoran" {rN+}
 41968 | Elf:1    | Identified Efankomy's Catalogue of Vapourous Nightshade
 42213 | Elf:1    | Identified Wugec's Essays on Familiar Blows
 42785 | Elf:2    | Noticed joebusybody's ghost (journeyman DsGl)
 42795 | Elf:2    | Found a runed translucent door.
 42872 | Elf:2    | Identified the +2 pair of gloves of the Valley {+Inv
                  | Slay+2}
 42997 | Elf:2    | Paralysed by an air elemental for 1 turns
 43064 | Elf:2    | Found Quobusoyg's Weapon Emporium.
 43263 | Elf:2    | Found a runed translucent gate.
 43274 | Elf:2    | Found a runed translucent gate.
 43275 | Elf:2    | Found a runed translucent gate.
 43296 | Elf:2    | Reached skill level 10 in Shields
 43379 | Elf:2    | Reached skill level 10 in Evocations
 43698 | Elf:2    | Killed joebusybody's ghost
 44524 | Elf:3    | Entered Level 3 of the Elven Halls
 44656 | Elf:3    | Identified the +8 falchion of Kotyppim {vamp, Will+ Int+4}
 44656 | Elf:3    | Identified the ring of Idwa {Fly rElec rF+++ rC- rN+}
 44703 | Elf:3    | Identified the +5 rapier of Upheaval {drain, +Blink rF++
                  | rC+ SInv}
 44787 | Elf:3    | Reached XP level 24. HP: 191/204 MP: 0/0
 44841 | Elf:3    | Identified the ring "Uxtauf" {rN+ Will+ rCorr}
 45076 | Elf:3    | Paralysed by an air elemental for 1 turns
 45748 | Elf:3    | Identified the Directory of Changes and Command
 45749 | Elf:3    | Identified Peipreb's Almanac of Blows
 45760 | Elf:3    | Identified the Quarto of the Curse and Configuration
 45761 | Elf:3    | Identified the +0 cloak of the Spheres {Str+3}
 45762 | Elf:3    | Identified the Cyclopedia of the Quake and the Curse
 45762 | Elf:3    | Identified Ompuom's Omnibus of the Hornet
 45767 | Elf:3    | Identified the +1 dagger of Ibbeeg {flame, MP+9}
 45805 | Elf:3    | Identified the +3 chain mail of Dawn {+Blink rF+++ Will-
                  | Str+5}
 46250 | Depths:1 | Entered Level 1 of the Depths
 46325 | Depths:1 | Found a gateway to Hell.
 47282 | Depths:1 | Acquired the +6 quick blade of Vodka {protect, *Noise
                  | +Blink rElec rC+}
 48365 | Crypt:1  | Entered Level 1 of the Crypt
 48746 | Crypt:1  | Noticed Vv
 48783 | Crypt:1  | Killed Vv
 50113 | Crypt:2  | Identified the +8 rapier of Eternal Harmony {flame, MP+9}
 50168 | Crypt:2  | Reached XP level 25. HP: 199/209 MP: 0/0
 50168 | Crypt:2  | Learned a level 9 spell: Fire Storm
 51055 | Crypt:3  | Entered Level 3 of the Crypt
 51089 | Crypt:3  | Noticed a dread lich
 51104 | Crypt:3  | Killed a dread lich
 51422 | Crypt:3  | Found a basalt altar of Yredelemnul.
 51567 | Crypt:3  | Noticed Grunn
 51580 | Crypt:3  | Killed Grunn
 51683 | Crypt:3  | Identified Kolues's Information on Corpses
 51850 | Crypt:3  | Noticed Bai Suzhen
 51861 | Crypt:3  | Killed Bai Suzhen
 52311 | Crypt:3  | Found a staircase to the Tomb.
 52625 | Crypt:3  | Noticed Sojobo
 52631 | Crypt:3  | Paralysed by an air elemental for 1 turns
 52634 | Crypt:3  | Paralysed by an air elemental for 1 turns
 52638 | Crypt:3  | Paralysed by an air elemental for 1 turns
 52652 | Crypt:3  | Killed Sojobo
 53385 | Depths:2 | Identified the +0 tower shield of Masochism {Fly}
 53385 | Depths:2 | Noticed Louise
 53398 | Depths:2 | Killed Louise
 53600 | Depths:2 | Identified the Anthology of Lightning
 53658 | Depths:2 | Reached XP level 26. HP: 206/218 MP: 0/0
 54140 | Depths:2 | Found a one-way gate leading to the halls of Pandemonium.
 54601 | Depths:2 | Identified the +1 pair of boots of Reubi {rElec Regen+
                  | Dex+3 Stlth+}
 55199 | Depths:3 | Found a one-way gateway to a ziggurat.
 55207 | Depths:3 | Noticed Boris
 55220 | Depths:3 | Killed Boris
 55318 | Depths:3 | Noticed the Enchantress
 55323 | Depths:3 | Killed the Enchantress
 55333 | Depths:3 | HP: 65/221 [balrug/divine providence (16)]
 55873 | Depths:3 | Noticed Frederick
 55881 | Depths:3 | Killed Frederick
 56424 | Depths:3 | Noticed a juggernaut
 56446 | Depths:3 | Reached skill level 15 in Armour
 56572 | Depths:3 | Identified the +4 halberd "Lulacef" {heavy, rElec rPois
                  | Dex+7}
 56626 | Depths:3 | Killed a juggernaut
 56763 | Depths:4 | Entered Level 4 of the Depths
 56776 | Depths:4 | Reached XP level 27. HP: 207/228 MP: 0/0
 56776 | Depths:4 | Learned a level 9 spell: Shatter
 56893 | Depths:4 | Identified the +4 plate armour "Inarr" {Will+ Int-4 Slay+3
                  | Stlth+}
 57070 | Depths:4 | Noticed Boris
 57090 | Depths:4 | Killed Boris
 57103 | Depths:4 | Noticed Xtahua
 57109 | Depths:4 | HP: 65/228 [Xtahua/searing blast (13)]
 57115 | Depths:4 | Killed Xtahua
 57355 | Depths:4 | Found a gate to the Realm of Zot.
 59027 | Slime:1  | Entered Level 1 of the Pits of Slime
 59626 | Slime:4  | Noticed Dissolution
 59629 | Slime:4  | Killed Dissolution
 59646 | Slime:5  | Entered Level 5 of the Pits of Slime
 59853 | Slime:4  | Gained mutation: Your spells are a little easier to cast,
                  | but a little less powerful. [a shining eye]
 59854 | Slime:4  | Gained mutation: Your body sometimes deteriorates upon
                  | taking damage. [a shining eye]
 59860 | Slime:4  | Lost mutation: Your spells are a little easier to cast, but
                  | a little less powerful. [potion of mutation]
 59860 | Slime:4  | Lost mutation: Your body sometimes deteriorates upon taking
                  | damage. [potion of mutation]
 59860 | Slime:4  | Gained mutation: You sometimes lose your temper in combat.
                  | [potion of mutation]
 59860 | Slime:4  | Gained mutation: Potions are less effective at restoring
                  | your health. [potion of mutation]
 59860 | Slime:4  | Gained mutation: You are somewhat resistant to further
                  | mutation. [potion of mutation]
 59861 | Slime:4  | Lost mutation: Potions are less effective at restoring your
                  | health. [potion of mutation]
 59861 | Slime:4  | Lost mutation: You are somewhat resistant to further
                  | mutation. [potion of mutation]
 59861 | Slime:4  | Gained mutation: Your spells are a little harder to cast,
                  | but a little more powerful. [potion of mutation]
 59861 | Slime:4  | Gained mutation: You are partially covered in iridescent
                  | scales. (AC +2) [potion of mutation]
 59861 | Slime:4  | Gained mutation: You are somewhat resistant to further
                  | mutation. [potion of mutation]
 59861 | Slime:4  | Gained mutation: Your muscles are strong. (Str +4, Int/Dex
                  | -1) [potion of mutation]
 59862 | Slime:4  | Lost mutation: You sometimes lose your temper in combat.
                  | [potion of mutation]
 59862 | Slime:4  | Lost mutation: You are somewhat resistant to further
                  | mutation. [potion of mutation]
 59862 | Slime:4  | Gained mutation: Your spells are harder to cast, but more
                  | powerful. [potion of mutation]
 59862 | Slime:4  | Gained mutation: You passively map a small area around you.
                  | [potion of mutation]
 59862 | Slime:4  | Gained mutation: You have hidden genetic potential. [potion
                  | of mutation]
 60426 | Slime:5  | Noticed the Royal Jelly
 60450 | Slime:5  | Killed the Royal Jelly
 60677 | Slime:5  | Identified the +6 long sword of the Orb {speed, MP-9 Int+8}
 60678 | Slime:5  | Identified the +6 spear of Spite {drain, Will+ Str+5}
 60678 | Slime:5  | Identified the +2 robe of Spring {*Slow rC+++ rN+++ Slay-6}
 60678 | Slime:5  | Identified the +0 war axe of Yeast {protect, Will+ Str+2
                  | Dex+3}
 60678 | Slime:5  | Identified the +0 chain mail "Zuruutiy" {Dex+4}
 60678 | Slime:5  | Paralysed by a floating eye for 3 turns
 60681 | Slime:5  | Identified the ring of Kuaph {*Slow EV+5 Str+2 SInv}
 60681 | Slime:5  | Identified the +5 war axe of Hohi {flame, rElec Str+4
                  | Stlth+}
 60736 | Slime:5  | Identified the +5 leather armour "Pozxibb" {rF++}
 60767 | Slime:5  | Got a slimy rune of Zot
 60778 | Slime:5  | Identified the ring "Akhliphowk" {rElec Will+ rCorr AC+4
                  | Str+3 Slay-3}
 61959 | D:14     | Killed Onucvo's ghost
 62320 | D:5      | Killed themarg's ghost
 62669 | D:9      | Bought a potion of mutation for 248 gold pieces
 62669 | D:9      | Bought a potion of heal wounds for 155 gold pieces
 62785 | Orc:2    | Bought a potion of curing for 51 gold pieces
 63023 | Snake:3  | Bought a potion of haste for 340 gold pieces
 63023 | Snake:3  | Bought a potion of berserk rage for 170 gold pieces
 63026 | Snake:3  | Bought a scroll of butterflies for 48 gold pieces
 63026 | Snake:3  | Bought a potion of lignification for 36 gold pieces
 63026 | Snake:3  | Bought a scroll of poison for 48 gold pieces
 63181 | Shoals:2 | Killed Roxanne
 63390 | Snake:3  | Bought a wand of iceblast (7) for 184 gold pieces
 63390 | Snake:3  | Bought a potion of might for 44 gold pieces
 63733 | Zot:1    | Entered Level 1 of the Realm of Zot
 64647 | Zot:2    | Noticed a juggernaut
 64710 | Zot:2    | Noticed an ancient lich
 64718 | Zot:1    | Killed an ancient lich
 64719 | Zot:1    | Reached skill level 10 in Stealth
 65377 | Zot:2    | Killed a juggernaut
 65871 | Zot:2    | Found a transporter.
 65873 | Zot:2    | Found a transporter.
 65873 | Zot:2    | Identified the +1 cloak "Odouc" {Rampage rPois Int+3 Dex-5}
 65885 | Zot:2    | Noticed Wefy's ghost (legendary GnIE)
 65887 | Zot:2    | Found a bloodstained altar of Trog.
 66411 | Zot:2    | Identified the +0 cloak of Ethereal Lucidity {rElec}
 66642 | Zot:2    | Gained mutation: Your muscles are very strong. (Str +8,
                  | Int/Dex -2) [hidden potential]
 67649 | Zot:3    | Identified the +1 scale mail of Gestures {Harm rC+ MP+9
                  | Str-2}
 68070 | Zot:4    | Noticed a Killer Klown
 68078 | Zot:4    | Killed a Killer Klown
 68336 | Zot:4    | Noticed an orb of fire
 68764 | Zot:4    | Killed an orb of fire
 69537 | Zot:5    | Entered Level 5 of the Realm of Zot
 69958 | Zot:5    | Noticed a Killer Klown
 70096 | Zot:5    | Killed a Killer Klown
 70524 | Zot:5    | Noticed an ancient lich
 70529 | Zot:5    | Killed an ancient lich
 70532 | Zot:5    | Noticed an ancient lich
 70535 | Zot:5    | Killed an ancient lich
 70601 | Zot:5    | Noticed an orb of fire
 70610 | Zot:5    | Noticed an orb of fire
 70619 | Zot:5    | Killed an orb of fire
 70625 | Zot:5    | Gained mutation: Your body sometimes deteriorates upon
                  | taking damage. [an orb of fire]
 70628 | Zot:5    | Killed an orb of fire
 70633 | Zot:5    | Noticed an orb of fire
 70639 | Zot:5    | Gained mutation: Your body often deteriorates upon taking
                  | damage. [an orb of fire]
 70641 | Zot:5    | Killed an orb of fire
 70642 | Zot:5    | Reached skill level 15 in Stealth
 70732 | Zot:5    | Noticed a Killer Klown
 70750 | Zot:5    | Killed a Killer Klown
 70887 | Zot:5    | Noticed an orb of fire
 71090 | Zot:5    | Noticed an ancient lich
 71094 | Zot:5    | Killed an ancient lich
 71114 | Zot:5    | Noticed an ancient lich
 71118 | Zot:5    | Gained mutation: You occasionally lose the ability to read
                  | scrolls when taking damage. [an orb of fire]
 71121 | Zot:5    | Killed an orb of fire
 71129 | Zot:5    | Gained mutation: Your mind is acute. (Int +4, Str/Dex -1)
                  | [hidden potential]
 71129 | Zot:5    | Lost mutation: You have hidden genetic potential. [hidden
                  | potential expressed]
 71343 | Zot:5    | Noticed a dread lich
 71343 | Zot:5    | Killed an ancient lich
 71419 | Zot:5    | Noticed a Killer Klown
 71430 | Zot:5    | Killed a dread lich
 71436 | Zot:5    | Killed a Killer Klown
 71446 | Zot:5    | Noticed an ancient lich
 71449 | Zot:5    | Killed an ancient lich
 71492 | Zot:5    | Noticed an ancient lich
 71497 | Zot:5    | Killed an ancient lich
 71746 | Zot:5    | Lost mutation: You are partially covered in iridescent
                  | scales. (AC +2) [potion of mutation]
 71746 | Zot:5    | Lost mutation: Your body often deteriorates upon taking
                  | damage. [potion of mutation]
 71746 | Zot:5    | Gained mutation: You are clumsy. (Dex -2) [potion of
                  | mutation]
 71746 | Zot:5    | Gained mutation: You are robust. (+10% HP) [potion of
                  | mutation]
 71746 | Zot:5    | Gained mutation: You are partially covered in iridescent
                  | scales. (AC +2) [potion of mutation]
 71747 | Zot:5    | Lost mutation: You passively map a small area around you.
                  | [potion of mutation]
 71747 | Zot:5    | Lost mutation: You are robust. (+10% HP) [potion of
                  | mutation]
 71747 | Zot:5    | Lost mutation: Your spells are harder to cast, but more
                  | powerful. [potion of mutation]
 71747 | Zot:5    | Gained mutation: You are very clumsy. (Dex -4) [potion of
                  | mutation]
 71747 | Zot:5    | Gained mutation: You expend health (3 HP) to strengthen
                  | your wands. [potion of mutation]
 71805 | Zot:5    | Noticed a dread lich
 71848 | Zot:5    | Lost mutation: You are partially covered in iridescent
                  | scales. (AC +2) [potion of mutation]
 71848 | Zot:5    | Lost mutation: You are very clumsy. (Dex -4) [potion of
                  | mutation]
 71848 | Zot:5    | Lost mutation: Your mind is acute. (Int +4, Str/Dex -1)
                  | [potion of mutation]
 71849 | Zot:5    | Lost mutation: You expend health (3 HP) to strengthen your
                  | wands. [potion of mutation]
 71849 | Zot:5    | Lost mutation: Your body sometimes deteriorates upon taking
                  | damage. [potion of mutation]
 71849 | Zot:5    | Gained mutation: You are dopey. (Int -2) [potion of
                  | mutation]
 71849 | Zot:5    | Gained mutation: You are partially covered in iridescent
                  | scales. (AC +2) [potion of mutation]
 71850 | Zot:5    | Lost mutation: You are partially covered in iridescent
                  | scales. (AC +2) [potion of mutation]
 71850 | Zot:5    | Lost mutation: You occasionally lose the ability to read
                  | scrolls when taking damage. [potion of mutation]
 71850 | Zot:5    | Gained mutation: You occasionally shout uncontrollably at
                  | your foes. [potion of mutation]
 71850 | Zot:5    | Gained mutation: Armour fits poorly on your strangely
                  | shaped body. [potion of mutation]
 71851 | Zot:5    | Lost mutation: You are dopey. (Int -2) [potion of mutation]
 71851 | Zot:5    | Lost mutation: You occasionally shout uncontrollably at
                  | your foes. [potion of mutation]
 71851 | Zot:5    | Lost mutation: You are clumsy. (Dex -2) [potion of
                  | mutation]
 71851 | Zot:5    | Gained mutation: You are partially covered in iridescent
                  | scales. (AC +2) [potion of mutation]
 71851 | Zot:5    | Gained mutation: You occasionally lose the ability to read
                  | scrolls when taking damage. [potion of mutation]
 71852 | Zot:5    | Lost mutation: You are partially covered in iridescent
                  | scales. (AC +2) [potion of mutation]
 71852 | Zot:5    | Lost mutation: You occasionally lose the ability to read
                  | scrolls when taking damage. [potion of mutation]
 71852 | Zot:5    | Gained mutation: You have a somewhat thin skeletal
                  | structure. (Dex +2, Stealth+) [potion of mutation]
 71852 | Zot:5    | Gained mutation: Your flesh is almost immune to the effects
                  | of heat. (rF+++) [potion of mutation]
 72129 | Zot:5    | Killed a dread lich
 72348 | Zot:5    | Noticed a dread lich
 72351 | Zot:5    | Killed a dread lich
 73182 | Zot:5    | Acquired 898 gold pieces
 73215 | Zot:5    | Got the Orb of Zot
 73269 | Zot:3    | Noticed Zupro the pandemonium lord
 73539 | D:9      | Noticed a seraph
 73754 | D:1      | Lost mutation: Your muscles are very strong. (Str +8,
                  | Int/Dex -2) [potion of mutation]
 73754 | D:1      | Lost mutation: Your muscles are strong. (Str +4, Int/Dex
                  | -1) [potion of mutation]
 73754 | D:1      | Lost mutation: Your flesh is almost immune to the effects
                  | of heat. (rF+++) [potion of mutation]
 73754 | D:1      | Gained mutation: You occasionally lose the ability to read
                  | scrolls when taking damage. [potion of mutation]
 73754 | D:1      | Gained mutation: You are partially covered in iridescent
                  | scales. (AC +2) [potion of mutation]
 73755 | D:1      | Lost mutation: You have a somewhat thin skeletal structure.
                  | (Dex +2, Stealth+) [potion of mutation]
 73755 | D:1      | Lost mutation: Armour fits poorly on your strangely shaped
                  | body. [potion of mutation]
 73755 | D:1      | Lost mutation: Your spells are a little harder to cast, but
                  | a little more powerful. [potion of mutation]
 73755 | D:1      | Gained mutation: Your spells are a little easier to cast,
                  | but a little less powerful. [potion of mutation]
 73755 | D:1      | Gained mutation: You are agile. (Dex +4, Str/Int -1)
                  | [potion of mutation]
 73756 | D:1      | Lost mutation: You are partially covered in iridescent
                  | scales. (AC +2) [potion of mutation]
 73756 | D:1      | Lost mutation: You occasionally lose the ability to read
                  | scrolls when taking damage. [potion of mutation]
 73756 | D:1      | Gained mutation: Your body sometimes deteriorates upon
                  | taking damage. [potion of mutation]
 73756 | D:1      | Gained mutation: You are strong-willed. (Will+) [potion of
                  | mutation]
 73757 | D:1      | Lost mutation: You are strong-willed. (Will+) [potion of
                  | mutation]
 73757 | D:1      | Lost mutation: You are agile. (Dex +4, Str/Int -1) [potion
                  | of mutation]
 73757 | D:1      | Lost mutation: Your spells are a little easier to cast, but
                  | a little less powerful. [potion of mutation]
 73757 | D:1      | Gained mutation: You are somewhat resistant to further
                  | mutation. [potion of mutation]
 73758 | D:1      | Lost mutation: You are somewhat resistant to further
                  | mutation. [potion of mutation]
 73758 | D:1      | Lost mutation: Your body sometimes deteriorates upon taking
                  | damage. [potion of mutation]
 73758 | D:1      | Gained mutation: Your spells are a little easier to cast,
                  | but a little less powerful. [potion of mutation]
 73760 | D:$      | Escaped with the Orb!

Illustrated notes

Levels and vault maps discovered:
D:1:      minmay_arrival_widening_spiral_narrow, layout_loops_ring,
          serial_forest, infiniplex_forest_straight_1,
          infiniplex_forest_corner_1, infiniplex_forest_clump_large,
          infiniplex_forest_clump_diagonal, infiniplex_forest_clump_cross,
          infiniplex_forest_lined_2
D:2:      layout_loops_ring
D:3:      layout_loops_corners, minmay_misc_feat_encased, patterned_corridor,
          uniq_robin
D:4:      layout_basic, nicolae_qazlal_general_emergency, uniq_pikel
D:5:      layout_basic, ebering_ghost_sewer_f, kennysheep_generic_room_9
D:6:      layout_loops_cross, portal_sewer_entry_e, minmay_starry_boxes,
          uniq_duvessa
D:7:      layout_basic, minitemple, minmay_temple_entry_glass, enter_bailey_5,
          nicolae_fountain_basement, uniq_maggie
D:8:      layout_loops_ring
D:9:      cheibrodos_steamvent, layout_rooms, grunt_lair_entry_orc_guard_hut,
          orc_0_dummy, serial_shops, nicolae_shop_hallway_plus, minivault_25,
          uniq_maurice
D:10:     layout_rooms, minivault_10, uniq_joseph
D:11:     layout_stronghold, gauntlet_entry_generic
D:12:     layout_stronghold, serial_column_ruins, column_ruins_open_small,
          column_ruins_columns_straight, column_ruins_corridor_straight,
          column_ruins_grid_1, uniq_fannar, uniq_snorg
D:13:     layout_loops_cross, lightli_vaults_fourway_checkpoint, serial_shops,
          shop
D:14:     due_megacathedral, layout_irregular_city, serial_shops,
          nicolae_shop_stone, gammafunk_ghost_hydra_chop, nicolae_rejected_hall
D:15:     grunt_enter_depths_magical_seal, layout_small_grid
Temple:   hellmonk_temple_flake
Lair:1:   layout_chaotic_city, enter_volcano_4
Lair:2:   nzn_winding_woodlands_large [nzn_winding_woodlands_5x5_perimeter,
          nzn_winding_woodlands_5x15_garden,
          nzn_winding_woodlands_5x5_open_star,
          nzn_winding_woodlands_center_triple_pond,
          nzn_winding_woodlands_15x15_thick_spiral,
          nzn_winding_woodlands_center_diamonds,
          nzn_winding_woodlands_5x5_cross, nzn_winding_woodlands_5x15_parted,
          nzn_winding_woodlands_5x5_default], layout_regular_city
Lair:3:   layout_cave_pods, minmay_shoals_entry_hut, nicolae_snake_entry_squirm
Lair:4:   mu_elephants_graveyard, layout_gridlike, slime_entry_1,
          portal_ice_cave_entry_imps
Lair:5:   hellmonk_lair_end_abyssal_woods, layout_long_grid,
          serial_bayou_crossing, grunt_megastairs_1
Shoals:1: layout_shoals, nicolae_shop_self_help
Shoals:2: layout_shoals, uniq_roxanne
Shoals:3: layout_shoals, uniq_donald, uniq_aizul, uniq_ilsuiw
Shoals:4: shoals_end_hellmonk_lost_city
Snake:1:  layout_onion_interference, grunt_ministairs_10, serial_bayou_pond_b
Snake:2:  layout_onion_interference, minmay_shop_mass
Snake:3:  layout_grid_shapes, grunt_ministairs_12,
          nicolae_snake_salamander_stairs, grunt_megastairs_4, minmay_shoptagon,
          serial_bayou_shore_a, lemuel_fruit_tree
Snake:4:  grunt_snake_rune_spirals, layout_onion, grunt_ministairs_15,
          nicolae_snake_salamander_fort
Slime:1:  layout_caves
Slime:2:  layout_caves
Slime:3:  layout_caves
Slime:4:  layout_caves, dissolution_awaits
Slime:5
Orc:1:    layout_diamond_mine
Orc:2:    st_orc_ogre_mass, layout_diamond_mine, nicolae_orc_tapped_out
Elf:1:    minmay_the_grid_octo_2x2 [minmay_the_grid_octo_toaster,
          minmay_the_grid_octo_clover, minmay_the_grid_octo_vomiting_pacman,
          minmay_the_grid_octo_prize_ultimate_mussel_roller], layout_gridlike,
          minmay_elf_sorcery, uniq_jorgrun
Elf:2:    nicolae_elf_blades_splatter_lattice
          [nicolae_blade_entry_diamond_columns], layout_geoelf_octagon,
          serial_shops, shop, hellmonk_ghost_happy_afterlife,
          hangedman_elven_pyramids, nicolae_elf_big_sculpture_2
Elf:3:    elf_hall, layout_geoelf_octagon, grunt_ministairs_9
Vaults:1: hangedman_vaults_impose, nicolae_vaults_quartermaster, v_misc_23,
          ontoclasm_vaults_spin, grunt_vaults_hallway_short,
          nicolae_vaults_ring_of_whatevers, vaults_dpeg_encased_lava,
          ontoclasm_vaults_eye, hangedman_vaults_stagger,
          vaults_mumra_minichess, vaults_mumra_minichess_inversion,
          vaults_mumra_chevron, ontoclasm_vaults_misaligned,
          hangedman_vaults_cutoff, nicolae_vaults_theta,
          nicolae_vaults_circle_grid_a, nicolae_vaults_little_squares_1,
          layout_vaults_omnibox, serial_shops,
          nicolae_shop_temple_entry_statues_fountains
Vaults:2: vaults_room_pool, hangedman_vaults_impose, vaults_room_door_hall,
          nicolae_vaults_little_squares_2, minmay_crypt_entry_skeletal_spiral,
          v_misc_24, hangedman_vaults_snaps, v_pattern_1,
          ontoclasm_vaults_ligature, v_misc_27, layout_vaults_omnicross,
          uniq_jory
Vaults:3: grunt_vaults_diagonal, hellmonk_guarded_unrand_gong,
          nicolae_vaults_network_square, hangedman_vaults_stretched_pinwheel,
          vaults_room_pools, layout_vaults_quadrants
Vaults:4: ontoclasm_vaults_decontamination, hangedman_vaults_maws, v_misc_1,
          hangedman_vaults_corner_blocks, grunt_vaults_funnel,
          ontoclasm_vaults_ring_large, v_misc_24, hangedman_vaults_slice,
          nicolae_vaults_windows_and_doors_thing, v_alt_pattern_6,
          v_alt_pattern_1, ontoclasm_vaults_hangar, v_misc_24,
          ontoclasm_vaults_hangar, nicolae_vaults_little_squares_1,
          nicolae_vaults_asterisk, ontoclasm_vaults_hangar,
          layout_vaults_maze_snakey
Crypt:1:  layout_regular_city, grunt_megastairs_3,
          grunt_crypt_arrival_guarded_gate, uniq_vv
Crypt:2:  layout_catacombs, uniq_margery
Crypt:3:  church_of_pain_bobbens, layout_chaotic_city, tombwall_bobbens,
          uniq_grunn, uniq_bai_suzhen, uniq_sojobo
Depths:1: layout_long_grid, hangedman_abyss_or_decor_jellyfish_corner,
          pf_coc_iceberg, minmay_misc_feat_nine_boxes, roderic_roman_lattice,
          lemuel_blue_sif_altar, serial_bayou_shore_b
Depths:2: grunt_deathspiral_large, layout_gridlike, pan_entry, hell_entry,
          nicolae_abyss_entry_one_way_or_another,
          minmay_fractal_squares_diagonal_5
Depths:3: cross_vault, layout_small_grid, enter_ziggurat_a,
          pf_dread_powers_of_hell, abyss_entry_crystal,
          infiniplex_staircase_pillars_1, uniq_boris, uniq_frederick,
          uniq_enchantress
Depths:4: evilmike_zot_entry_basic, layout_cave_shapes,
          minmay_misc_feat_enclosed, nicolae_hell_entry_hellmouth_sunbeams,
          kennysheep_random_hallway, uniq_xtahua
Zot:1:    layout_twisted_circle
Zot:2:    ebering_greatest_show_in_zot, layout_twisted_circle,
          gammafunk_ghost_wrathful_warriors
Zot:3:    layout_basic
Zot:4:    layout_basic, bh_zot_lava_cross, st_stairs_14, zot_minivault_4,
          lemuel_elevator
Zot:5:    layout_basic, grunt_ministairs_9

Skill      XL: |  1  2  3  4  5  6  7  8  9 10 11 12 13 14 15 16 17 18 19 20 21 22 23 24 25 26 27 |
---------------+----------------------------------------------------------------------------------+-----
Fighting       | 1 2 3 4 5 6 7 8 10 11 13 15 16 17 18 19 21 | 21.1
Dodging        | 3 5 6 7 8 9 10 11 13 15 16 17 18 19 20 | 20.0
Spellcasting   | 3 4 5 7 8 9 10 11 12 13 14 15 16 18 19 20 21 | 21.1
Short Blades   | 2 4 6 |  6.7
Armour         | 1 3 4 10 11 12 13 15 20 | 20.0
Shields        | 3 6 8 11 14 | 14.6
Evocations     | 4 6 8 11 13 14 | 14.4
Stealth        | 5 7 9 17 | 17.8
Long Blades    | |  0.2

Action                     |  1- 3 |  4- 6 |  7- 9 | 10-12 | 13-15 | 16-18 | 19-21 | 22-24 | 25-27 || total
---------------------------+-------+-------+-------+-------+-------+-------+-------+-------+-------++-------
  Melee: Dagger            |    77 |   105 |    65 |    26 |       |       |       |       |       ||   273
         Punch             |     1 |     1 |     2 |     5 |     3 |       |       |       |       ||    12
         Rapier            |       |       |       |   197 |   438 |   439 |   461 |   549 |  1443 ||  3527
  Throw: Dart              |       |       |       |     7 |       |       |       |       |       ||     7
   Cast: Summon Small Mamm |       |     1 |       |       |     1 |     1 |       |       |       ||     3
         Searing Ray       |       |    10 |    57 |    44 |     8 |     3 |       |       |       ||   122
         Ignite Poison     |       |       |     4 |    23 |    89 |    54 |    57 |    35 |    83 ||   345
         Tukima's Dance    |       |       |     2 |    21 |       |     2 |       |       |       ||    25
         Ensorcelled Hiber |       |       |       |     3 |       |       |       |       |       ||     3
         Flame Wave        |       |       |       |     2 |     5 |     5 |     1 |       |       ||    13
         Dazzling Flash    |       |       |       |     2 |       |     2 |       |     1 |       ||     5
         Summon Forest     |       |       |       |     6 |    22 |    36 |    32 |    18 |    26 ||   140
         Summon Cactus Gia |       |       |       |       |    23 |    52 |    70 |    55 |    74 ||   274
         Starburst         |       |       |       |       |       |   129 |    51 |     9 |     8 ||   197
         Yara's Violent Un |       |       |       |       |       |     7 |    28 |    13 |     9 ||    57
         Confusing Touch   |       |       |       |       |       |     2 |       |       |     2 ||     4
         Infestation       |       |       |       |       |       |       |    59 |   178 |   108 ||   345
         Summon Horrible T |       |       |       |       |       |       |       |    12 |    20 ||    32
         Fire Storm        |       |       |       |       |       |       |       |       |   282 ||   282
         Shatter           |       |       |       |       |       |       |       |       |     6 ||     6
         Dispersal         |       |       |       |       |       |       |       |       |     1 ||     1
 Invoke: Curse Item        |       |       |       |     3 |     4 |     2 |       |     1 |     1 ||    11
         Shatter the Chain |       |       |       |       |     1 |       |     1 |     2 |       ||     4
  Evoke: Wand              |       |       |       |     2 |       |       |       |       |     6 ||     8
         Phantom mirror    |       |       |       |       |       |     1 |       |       |     1 ||     2
    Use: Scroll            |       |       |     6 |     8 |       |     3 |     5 |    16 |    12 ||    50
         Potion            |       |       |       |     1 |       |     3 |       |       |    24 ||    28
   Stab: Sleeping          |     7 |     1 |     3 |     2 |     2 |     4 |     9 |     7 |    12 ||    47
         Distracted        |       |       |       |       |     8 |    10 |    10 |    12 |    24 ||    64
         Confused          |       |       |       |       |       |     1 |       |       |     1 ||     2
 Armour: Robe              |    18 |       |       |       |       |       |       |       |       ||    18
         Ring mail         |     4 |    55 |    36 |    82 |   177 |   131 |   130 |    79 |       ||   694
         Scale mail        |       |       |       |    34 |       |       |       |       |       ||    34
         Ice dragon scales |       |       |       |       |       |       |       |    36 |   417 ||   453
  Dodge: Dodged            |    46 |    59 |    65 |   235 |   249 |   282 |   315 |   221 |   746 ||  2218
  Block: Kite shield       |       |       |       |       |   175 |   366 |   340 |   428 |  1091 ||  2400
         Reflection        |       |       |       |       |       |       |     3 |    25 |    12 ||    40

Table legend: (Time is in decaauts)
 A = Elapsed time spent in this place.
 B = Non-inter-level travel time spent in this place.
 C = Inter-level travel time spent in this place.
 D = Time resting spent in this place.
 E = Time spent auto-exploring this place.
 F = Levels seen in this place.
 G = Mean time per level.
                   A        B        C        D        E       F      G
               +--------+--------+--------+--------+--------+-----+--------+
         Total |  73240 |  58306 |  14934 |   8106 |  31585 |  59 | 1241.4 |
       Dungeon |  17826 |  13526 |   4300 |    590 |   9587 |  15 | 1188.4 |
        Temple |     30 |     18 |     12 |      0 |     14 |   1 |   30.0 |
          Lair |   7715 |   6040 |   1675 |    333 |   4232 |   5 | 1543.0 |
        Shoals |   5444 |   5074 |    370 |    844 |   1507 |   4 | 1361.0 |
     Snake Pit |   4066 |   3261 |    805 |    299 |   1646 |   4 | 1016.5 |
    Slime Pits |   2066 |   1776 |    290 |    676 |    253 |   5 |  413.2 |
  Orcish Mines |   1348 |    856 |    492 |     55 |    511 |   2 |  674.0 |
   Elven Halls |   3979 |   2707 |   1272 |    176 |   1478 |   3 | 1326.3 |
        Vaults |   6129 |   4098 |   2031 |     53 |   2686 |   4 | 1532.2 |
         Crypt |   4887 |   4039 |    848 |    322 |   2058 |   3 | 1629.0 |
        Depths |   6182 |   5124 |   1058 |    484 |   3134 |   4 | 1545.5 |
           Zot |   9540 |   7762 |   1778 |   2807 |   3165 |   5 | 1908.0 |
         Sewer |    592 |    592 |      0 |     18 |    391 |   1 |  592.0 |
        Bailey |   1055 |   1055 |      0 |    491 |    226 |   1 | 1055.0 |
      Ice Cave |   1645 |   1645 |      0 |    657 |    506 |   1 | 1645.0 |
       Volcano |    727 |    727 |      0 |    300 |    191 |   1 |  727.0 |
               +--------+--------+--------+--------+--------+-----+--------+

Top non-repeatable levels by time:
   Zot:5: 3577 daAuts
    D:14: 2642 daAuts
 Crypt:3: 2001 daAuts
Depths:3: 1916 daAuts
  Lair:3: 1844 daAuts
Vaults:1: 1828 daAuts
     D:9: 1806 daAuts
Depths:2: 1799 daAuts
  Lair:2: 1751 daAuts
 Snake:4: 1729 daAuts
   Zot:3: 1722 daAuts
   Zot:1: 1715 daAuts
Shoals:4: 1663 daAuts
   IceCv: 1645 daAuts
Vaults:2: 1643 daAuts
